 Dungeon Crawl Stone Soup version 0.28.0-53-g5a82cb258f (webtiles) character file.

Game seed: 4521641779951256849

657 mcbry74 the Twirler (level 7, -14/54 HPs)
             Began as a Formicid Fighter on July 8, 2022.
             Was a Follower of Okawaru.
             Demolished by a two-headed ogre
             ... wielding a +0 giant spiked club
              (24 damage)
             ... on level 5 of the Dungeon.
             The game lasted 00:13:44 (4983 turns).

mcbry74 the Twirler (Formicid Fighter)              Turns: 4983, Time: 00:13:44

Health: -14/54     AC:  7    Str: 21    XL:     7   Next: 85%
Magic:  14/16      EV:  9    Int:  9    God:    Okawaru [*.....]
Gold:   169        SH:  5    Dex: 16    Spells: 5/6 levels left

rFire   . . .      SeeInvis +   a - +0 quarterstaff
rCold   . . .      Faith    .   c - +0 buckler
rNeg    . . .      Spirit   .   b - +0 scale mail
rPois   .          Reflect  .   (helmet unavailable)
rElec   .          Harm     .   (no cloak)
rCorr   .          Rampage  .   (no gloves)
Will    .....                   (no boots)
Stlth   ..........              (no amulet)
HPRegen 0.18/turn               i - ring of magical power
MPRegen 0.15/turn               j - +6 ring of dexterity

@: no status effects
A: permanent stasis, dig shafts and tunnels, antennae 3, four strong arms
a: Dig, Shaft Self, Renounce Religion, Heroism


You were on level 5 of the Dungeon.
You worshipped Okawaru.
Okawaru was aware of your devotion.
You visited 2 branches of the dungeon, and saw 6 of its levels.

You collected 169 gold pieces.

Inventory:

Hand Weapons
 a - a +0 quarterstaff (weapon)
 d - a +1 whip of electrocution
 o - a +0 hunting sling
Missiles
 n - 71 sling bullets
 p - 4 silver javelins
 r - 168 stones
 u - 67 bolts
 y - 5 poisoned darts
Armour
 b - a +0 scale mail (worn)
 c - a +0 buckler (worn)
Magical Staves
 g - a staff of fire
Jewellery
 f - a ring of fire
 i - a ring of magical power (left hand)
 j - a +6 ring of dexterity (right hand)
Wands
 t - a wand of acid (4)
Scrolls
 e - a scroll of enchant weapon {unknown}
 k - 2 scrolls of fear
 q - a scroll of holy word {unknown}
 v - a scroll of immolation {unknown}
 x - a scroll of fog {unknown}
Potions
 h - a potion of flight {unknown}
 l - a potion of magic {unknown}
 m - a potion of degeneration {unknown}
 s - 2 potions of attraction {unknown}
 w - 2 potions of lignification {unknown}
 z - 2 potions of curing {unknown}


   Skills:
 - Level 4.1 Fighting
 * Level 5.8 Staves
 + Level 4.3 Armour
 + Level 4.7 Shields
 + Level 4.3 Earth Magic


You had 5 spell levels left.
You knew the following spells:

 Your Spells              Type           Power      Damage    Failure   Level
a - Sandblast             Erth           14%        2d6       22%         1

Your spell library contained the following spells:

 Spells                   Type           Power      Damage    Failure   Level
 Passwall                 Tmut/Erth      2%         N/A       63%         2
 Foxfire                  Conj/Fire      0%         2x1d4     78%         1
 Slow                     Hex            0%         N/A       78%         1
 Stone Arrow              Conj/Erth      6%         3d7       86%         3
 Confusing Touch          Hex            0%         N/A       98%         3
 Conjure Flame            Conj/Fire      0%         6-21      98%         3
 Gell's Gravitas          Tloc           0%         N/A       98%         3
 Inner Flame              Hex/Fire       0%         N/A       98%         3
 Lesser Beckoning         Tloc           0%         N/A       98%         3
 Teleport Other           Tloc           0%         N/A       98%         3
 Vampiric Draining        Necr           0%         2d6       98%         3
 Flame Wave               Conj/Fire      0%         2d4       100%        4


Dungeon Overview and Level Annotations

Branches:
Dungeon (5/15)             Temple (1/1) D:4

Altars:
Elyvilon
Fedhas
Gozag
Kikubaaqudgha
Makhleb
Nemelex Xobeh
Okawaru
Qazlal
Sif Muna
Vehumet
Wu Jian
Zin
The Shining One


Innate Abilities, Weirdness & Mutations

You cannot be hasted, slowed, berserked, paralysed or teleported.
You can dig through walls and to a lower floor.
You have a pair of large antennae on your head. (SInv)
Your four strong arms can wield two-handed weapons with a shield.


Message History

a +0 hunting sling; a hobgoblin skeleton
Things that are here:
a +0 club; a goblin skeleton
r - 157 stones (gained 21)
You see here a +0 hunting sling.
r - 170 stones (gained 13)
Things that are here:
a +0 hunting sling; a goblin skeleton You open the door.
There is an open door here.
You sense a monster nearby.
A two-headed ogre comes into view.
It is wielding a +0 giant spiked club and a +0 giant club.
Casting: Sandblast (safe; 22% risk of failure)
Confirm with . or Enter, or press ? or * to list all spells.
You can't see any susceptible monsters within range! (Use Z to cast anyway.)
Casting: Sandblast (safe; 22% risk of failure)
Confirm with . or Enter, or press ? or * to list all spells.
Aiming: Sandblast (safe; 22% risk of failure)
Press: ? - help, Shift-Dir - straight line, f - two-headed ogre
Aim: a two-headed ogre, wielding a +0 giant spiked club and a +0 giant club (89% to hit)
The blast of sand hits the two-headed ogre but does no damage.
r - 169 stones
Casting: Sandblast (safe; 22% risk of failure)
Confirm with . or Enter, or press ? or * to list all spells.
Aiming: Sandblast (safe; 22% risk of failure)
Press: ? - help, Shift-Dir - straight line, f/p - two-headed ogre
Aim: a two-headed ogre, wielding a +0 giant spiked club and a +0 giant club (89% to hit)
The blast of sand hits the two-headed ogre but does no damage.
r - 168 stones You closely miss the two-headed ogre.
The two-headed ogre hits you with a +0 giant spiked club!
The two-headed ogre barely misses you.
You hit the two-headed ogre but do no damage.
The two-headed ogre hits you with a +0 giant spiked club!!
The two-headed ogre hits you with a +0 giant club!
* * * LOW HITPOINT WARNING * * *
You hit the two-headed ogre.
The two-headed ogre is lightly wounded.
The two-headed ogre hits you with a +0 giant spiked club!!
You die...

≈≈≈...≈
≈≈≈..≈≈≈.≈≈≈≈).. .....
..............). ...
............... #
#.######....#...##.
#.#.....##....#...###
#.###.........#...'..
##...##........#.).#..
#........##....##..###
#....@...###'####.)###
#....O..............#.
##...###'##.........#.
#... ..##.........#.
#.?.. ...#.........'.
##... .##..######.##
.... #.. ####.## .....
#. ....... #. .......


You could see a two-headed ogre.

Vanquished Creatures
  A black bear (D:4)
  An ogre (D:3)
  A necrophage (D:4)
  A phantom (D:5)
  A scorpion (D:5)
  A hound (D:4)
  2 jellies
  An iguana (D:5)
  A hound skeleton (D:5)
  4 adders
  An ufetubus (D:5)
  A worm (D:5)
  2 dart slugs
  2 endoplasms
  3 giant cockroaches
  12 goblins
  13 hobgoblins
  2 jackals (D:2)
  6 kobolds
  3 quokkas
  7 ball pythons
  7 bats
  4 frilled lizards
  5 rats
82 creatures vanquished.

Vanquished Creatures (others)
  2 fungi
  A plant (D:4)
3 creatures vanquished.

Grand Total: 85 creatures vanquished

Notes
Turn   | Place    | Note
-------+----------+-------------------------------------------
     0 | D:1      | mcbry74 the Formicid Fighter began the quest for the Orb.
     0 | D:1      | Reached XP level 1. HP: 18/18 MP: 1/1
   158 | D:1      | Reached XP level 2. HP: 24/24 MP: 2/2
   293 | D:1      | Learned a level 1 spell: Sandblast
   437 | D:1      | Found a faded altar of an unknown god.
   478 | D:1      | Reached XP level 3. HP: 29/29 MP: 3/3
  1946 | D:3      | Reached skill level 1 in Earth Magic
  1946 | D:3      | Reached XP level 4. HP: 34/36 MP: 4/4
  2097 | D:3      | Found a burning altar of Makhleb.
  2178 | D:3      | Noticed an ogre
  2425 | D:3      | Found a glowing golden altar of the Shining One.
  2454 | D:3      | Killed an ogre
  2455 | D:3      | Reached skill level 3 in Staves
  2455 | D:3      | Reached XP level 5. HP: 20/42 MP: 5/5
  3033 | D:4      | Reached XP level 6. HP: 48/48 MP: 6/6
  3057 | D:4      | Found a staircase to the Ecumenical Temple.
  3061 | Temple   | Entered the Ecumenical Temple
  3164 | Temple   | Became a worshipper of Warmaster Okawaru
  3589 | D:4      | Noticed a necrophage
  3602 | D:4      | Killed a necrophage
  3603 | D:4      | Reached skill level 4 in Staves
  3790 | D:4      | Noticed a black bear
  3805 | D:4      | Killed a black bear
  3805 | D:4      | Reached * piety under Okawaru
  3806 | D:4      | Reached skill level 5 in Staves
  3806 | D:4      | Reached XP level 7. HP: 40/54 MP: 7/7
  3909 | D:4      | Found a blossoming altar of Fedhas.
  3912 | D:4      | Found a stormy altar of Qazlal.
  4032 | D:4      | Found a white marble altar of Elyvilon.
  4183 | D:5      | Entered Level 5 of the Dungeon
  4977 | D:5      | Noticed a two-headed ogre
  4983 | D:5      | Demolished by a two-headed ogre

Illustrated notes

Levels and vault maps discovered:
D:1:      matt_arrival_grand_opening, layout_rooms,
          shapermc_ecumenical_altar_acropolis, ebering_dispersal_statue_hall,
          nicolae_concentric_dashed_squares_mild, minmay_split_cup_large
D:2:      layout_basic, grunt_decor_fettered, hangedman_decor_push
D:3:      layout_rooms, general_overflow_altar, overflow_temple_1_default
D:4:      layout_basic, grunt_temple_overflow_forces_of_nature,
          mainiacjoe_overflow_alcove_4, minmay_temple_entry_grid, moated_statue
D:5:      minmay_goblin_kobold_castle, layout_gridville,
          evilmike_ruin_ashenzari, kennysheep_mini_moat, bh_walls_and_bars
Temple:   nicolae_temple_figure_zero

Skill      XL: |  1  2  3  4  5  6  7 |
---------------+----------------------+-----
Shields        | 4 |  4.7
Earth Magic    | 1 2 3 4 |  4.3
Fighting       | 4 |  4.1
Staves         | 3 5 |  5.8
Armour         | 4 |  4.3

Action                   |  1- 3 |  4- 6 |  7- 9 || total
-------------------------+-------+-------+-------++-------
Melee: Quarterstaff      |    95 |   110 |    79 ||   284
Throw: Throwing net      |       |     1 |       ||     1
 Cast: Sandblast         |       |       |     2 ||     2
 Abil: Dig               |     1 |     1 |     1 ||     3
  Use: Potion            |     1 |       |       ||     1
       Scroll            |       |     3 |       ||     3
Armor: Scale mail        |    41 |    41 |    24 ||   106
Dodge: Dodged            |    34 |    44 |    34 ||   112
Block: Buckler           |    28 |    26 |    19 ||    73
